 Dungeon Crawl Stone Soup version 0.29-a0-270-g1586fc07ea (webtiles) character file.

Game seed: 10426326628049779164

126 fragbeetle the Chopper (level 4, -1/35 HPs)
             Began as a Demonspawn Cinder Acolyte on Mar 7, 2022.
             Was a High Priest of Ignis.
             Slain by a hound (3 damage)
             ... on level 5 of the Dungeon.
             The game lasted 00:04:04 (3797 turns).

fragbeetle the Chopper (Demonspawn Cinder Acolyte)  Turns: 3797, Time: 00:04:05

Health: -1/35      AC:  5    Str: 16    XL:     4   Next: 83%
Magic:  1/5        EV: 11    Int: 15    God:    Ignis [*****.]
Gold:   117        SH:  0    Dex:  9    Spells: 3/5 levels left

rFire   + . .      SeeInvis .   a - -1 hand axe (flame)
rCold   . . .      Faith    .   (no shield)
rNeg    . . .      Spirit   .   c - +0 leather armour
rPois   .          Reflect  .   m - +0 helmet
rElec   .          Harm     .   r - +0 cloak
rCorr   .          Rampage  .   (no gloves)
Will    +....                   (no boots)
Stlth   +.........              (no amulet)
HPRegen 0.11/turn               k - ring of willpower
MPRegen 0.09/turn               (no ring)

@: no status effects
A: demonic guardian 2
a: Renounce Religion, Fiery Armour, Foxfire Swarm, Rising Flame


You were on level 5 of the Dungeon.
You worshipped Ignis.
Ignis was extremely pleased with you.
You visited 1 branch of the dungeon, and saw 5 of its levels.

You collected 117 gold pieces.

Inventory:

Hand Weapons
 a - a -1 hand axe of flaming (weapon)
Missiles
 q - 2 silver javelins
Armour
 b - a +0 robe
 c - a +0 leather armour (worn)
 m - a +0 helmet (worn)
 r - a +0 cloak (worn)
Jewellery
 k - a ring of willpower (left hand)
 n - a +6 ring of dexterity
Wands
 y - a wand of polymorph (8)
Scrolls
 g - a scroll of immolation {unknown}
 h - 4 scrolls of identify {unknown}
 j - a scroll of noise {unknown}
 t - 2 scrolls of teleportation {unknown}
 v - a scroll of enchant weapon {unknown}
 w - a scroll of brand weapon {unknown}
Potions
 d - a potion of berserk rage {unknown}
 e - 2 potions of heal wounds {unknown}
 f - a potion of might {unknown}
 i - 3 potions of degeneration {unknown}
 l - a potion of flight {unknown}
 o - a potion of haste {unknown}
 p - 2 potions of brilliance {unknown}
 s - a potion of resistance {unknown}
 u - a potion of attraction {unknown}
 x - 2 potions of lignification {unknown}


   Skills:
 - Level 3.0 Fighting
 + Level 4.1 Axes
 + Level 1.1 Spellcasting
 - Level 4.0 Fire Magic


You had 3 spell levels left.
You knew the following spells:

 Your Spells              Type           Power      Damage    Failure   Level
a - Scorch                Fire           24%        2d6       9%          2

Your spell library contained the following spells:

 Spells                   Type           Power      Damage    Failure   Level
 Animate Skeleton         Necr           0%         N/A       30%         1
 Pain                     Necr           0%         1d4       30%         1
 Ensorcelled Hibernation  Hex/Ice        0%         N/A       41%         2
 Spider Form              Tmut/Pois      0%         N/A       65%         3
 Vampiric Draining        Necr           0%         2d6       65%         3
 Anguish                  Hex/Necr       0%         N/A       96%         4


Dungeon Overview and Level Annotations

Branches:
Dungeon (5/15)
 Temple: D:4-7

Altars:
Cheibriados
Fedhas
Nemelex Xobeh
Trog

Annotations:
D:4 Edmund


Innate Abilities, Weirdness & Mutations

A demonic guardian rushes to your aid.


Message History

A demonic guardian appears!
The hound pauses to sniff the ground.
The hound moves out of view.
Casting: Scorch (safe; 9% risk of failure)
Confirm with . or Enter, or press ? or * to list all spells.
Okay, then.
You swap places.
The centaur unwields a +0 shortbow.
The centaur hits you.
* * * LOW HITPOINT WARNING * * *
The centaur kicks you but does no damage.
The centaur hits you but does no damage.
The centaur kicks you.
* * * LOW HITPOINT WARNING * * *
Unknown command.
You barely miss the centaur.
The centaur is heavily wounded.
The gnoll is no longer more vulnerable to fire.
The centaur misses you.
The centaur kicks you but does no damage.
The gnoll hits you from afar with a +0 spear.
* * * LOW HITPOINT WARNING * * *
Your rust devil hits the centaur.
Your rust devil corrodes the centaur!
A gnoll comes into view. It is wielding a +0 whip.
Casting: Scorch (safe; 9% risk of failure)
Confirm with . or Enter, or press ? or * to list all spells.
You don't have enough magic to cast this spell.
You closely miss the centaur.
The centaur is severely wounded.
The centaur is no longer more vulnerable to fire.
The centaur hits you but does no damage.
The centaur kicks you.
* * * LOW HITPOINT WARNING * * *
The centaur hits you.
* * * LOW HITPOINT WARNING * * *
The centaur closely misses you. The gnoll closely misses you.
A gnoll comes into view. It is wielding a +0 halberd.
Your rust devil barely misses the centaur.
The hound barely misses you.
The centaur wields a +0 shortbow.
The centaur shoots an arrow.
The arrow completely misses you. The hound bites you.
You die...

... #.. . #.# .#
#.# .# #### #.#
..# #.#...#
#.##.##..
.......##........
#........@h# ...
.........#.#.....
..........4c......
..........g#......
#.......#.g##.....
##....>..... #....
##...###.##. g###
##.# #.. .. # #..
### ##


You could see a centaur (corroded, ally target), a hound, 3 gnolls and a
friendly rust devil (summoned).

Vanquished Creatures
  2 adders
  A gnoll (D:4)
  A worm (D:3)
  2 dart slugs
  An orc (D:3)
  4 bats
  5 endoplasms (D:1)
  11 giant cockroaches (D:3)
  9 goblins
  10 hobgoblins
  5 jackals (D:1)
  A ball python (D:1)
  3 frilled lizards (D:1)
  5 kobolds
  4 rats
64 creatures vanquished.

Vanquished Creatures (collateral kills)
  Robin (D:2)
  2 goblins (D:2)
3 creatures vanquished.

Grand Total: 67 creatures vanquished

Notes
Turn   | Place    | Note
-------+----------+-------------------------------------------
     0 | D:1      | fragbeetle the Demonspawn Cinder Acolyte began the quest
                  | for the Orb.
     0 | D:1      | Reached XP level 1. HP: 18/18 MP: 2/2
   473 | D:1      | Gained mutation: A weak demonic guardian rushes to your
                  | aid. [demonic ancestry]
   473 | D:1      | Reached XP level 2. HP: 14/24 MP: 3/3
   709 | D:1      | Found a faded altar of an unknown god.
  1171 | D:1      | Gained mutation: A demonic guardian rushes to your aid.
                  | [demonic ancestry]
  1171 | D:1      | Reached XP level 3. HP: 24/29 MP: 4/4
  1439 | D:2      | Found a sparkling altar of Nemelex Xobeh.
  1605 | D:2      | Noticed Robin
  1610 | D:2      | Killed Robin
  1772 | D:2      | Reached XP level 4. HP: 24/35 MP: 5/5
  1883 | D:2      | Learned a level 2 spell: Scorch
  2812 | D:3      | Found a bloodstained altar of Trog.
  2858 | D:3      | Found a snail-covered altar of Cheibriados.
  2995 | D:3      | Found a blossoming altar of Fedhas.
  3777 | D:4      | Noticed Edmund
  3787 | D:5      | Entered Level 5 of the Dungeon
  3787 | D:5      | Noticed a centaur
  3797 | D:5      | Slain by a hound

Illustrated notes

Levels and vault maps discovered:
D:1:      dpeg_arrival_yet_another_circle, layout_basic,
          ebering_ecumenical_altar_ruins, minmay_cut_off
D:2:      layout_basic, basic_altar, uniq_robin
D:3:      minmay_roachtagon, layout_basic, mainiacjoe_overflow_catwalk,
          mainiacjoe_overflow_surrounded_room, cheibrodos_worm_habitat,
          chequers_serial_rivers_large_a
D:4:      layout_basic, uniq_edmund
D:5:      layout_loops_cross, zin_academy, nicolae_overflow_crystal_walls,
          minmay_temple_entry_overgrown, cheibrodos_sewer_entry_drain,
          serial_shops, nicolae_shop_overgrown_old_shop, gammafunk_ghost_icy,
          due_unseen_surprise

Skill      XL: |  1  2  3  4 |
---------------+-------------+-----
Axes           | 3 4 |  4.1
Fire Magic     | 3 4 |  4.0
Fighting       | |  3.0
Spellcasting   | |  1.1

Action                   |  1- 3 |  4- 6 || total
-------------------------+-------+-------++-------
Melee: Hand axe          |   117 |    74 ||   191
 Cast: Scorch            |       |     7 ||     7
Armor: Leather armour    |    26 |    39 ||    65
       Robe              |     4 |       ||     4
Dodge: Dodged            |    69 |    71 ||   140

Table legend: (Time is in decaauts)
 A = Elapsed time spent in this place.
 B = Non-inter-level travel time spent in this place.
 C = Inter-level travel time spent in this place.
 D = Time resting spent in this place.
 E = Time spent auto-exploring this place.
 F = Levels seen in this place.
 G = Mean time per level.
                   A        B        C        D        E       F      G
               +--------+--------+--------+--------+--------+-----+--------+
         Total |   3833 |   3646 |    187 |     39 |   3127 |   5 |  766.6 |
       Dungeon |   3833 |   3646 |    187 |     39 |   3127 |   5 |  766.6 |
               +--------+--------+--------+--------+--------+-----+--------+

Top non-repeatable levels by time:
     D:1: 1388 daAuts
     D:3: 1116 daAuts
     D:2: 1104 daAuts
     D:4: 214 daAuts
     D:5: 10 daAuts
